 Dungeon Crawl Stone Soup version 0.18-a0-822-gb52b7b4 (webtiles) character file.

5114 Hocus the Destroyer (level 10, -13/50 HPs)
             Began as a Deep Elf Wizard on Dec 16, 2015.
             Was a Believer of Vehumet.
             Mangled by a spiny frog (23 damage)
             ... on level 1 of the Lair of Beasts.
             The game lasted 00:40:07 (11723 turns).

Hocus the Destroyer (Deep Elf Wizard)              Turns: 11723, Time: 00:40:07

Health: -13/50     AC:  9    Str:  4    XL:     10   Next: 32%
Magic:  2/23       EV: 16    Int: 27    God:    Vehumet [**....]
Gold:   574        SH:  0    Dex: 17    Spells: 6 memorised, 11 levels left

rFire  . . .     SeeInvis +     k - +12 Glaive of Prune {chop}
rCold  . . .     Gourm    .     a - +2 robe {MR+}
rNeg   . . .     Faith    +     (shield currently unavailable)
rPois  .         Spirit   .     J - +2 hat
rElec  .         Dismiss  .     R - +1 cloak
rCorr  .         Reflect  .     (no gloves)
SustAt .         Harm     .     b - +0 pair of boots
MR     ++...                    I - amulet of faith
Stlth  ++........               o - ring of see invisible
                                l - +4 ring of dexterity

@: very resistant to hostile enchantments, unstealthy
A: no striking features
a: Renounce Religion


You were on level 1 of the Lair of Beasts.
You worshipped Vehumet.
Vehumet was pleased with you.
You were hungry.

You visited 2 branches of the dungeon, and saw 11 of its levels.

You collected 574 gold pieces.

Inventory:

Hand Weapons
 k - the +12 Glaive of Prune (weapon) {chop}
   (You found it on level 8 of the Dungeon)

   It inflicts extra damage upon your enemies.
 D - the +4 war axe "Muidwyh" {freeze, rF++}
   (You took it off Maurice on level 8 of the Dungeon)

   It has been specially enchanted to freeze those struck by it, causing extra
   injury to most foes and up to half again as much damage against particularly
   susceptible opponents.
   It can also slow down cold-blooded creatures.
   It greatly protects you from fire.
Armour
 a - a +2 robe of magic resistance (worn)
 b - a +0 pair of boots (worn)
 H - a +0 robe of positive energy
 J - a +2 hat (worn)
 R - a +1 cloak (worn)
Jewellery
 i - a +3 amulet of reflection
 l - a +4 ring of dexterity (left hand)
 o - a ring of see invisible (right hand)
 q - an uncursed amulet of faith
 y - an uncursed amulet of dismissal
 I - an amulet of faith (around neck)
 M - an uncursed amulet of the gourmand
Wands
 p - a wand of digging (15)
 A - a wand of random effects (21)
 B - a wand of cold (5)
 C - a wand of lightning (0)
 K - a wand of flame (0)
 P - a wand of fireball (8)
Scrolls
 r - a scroll of fear
 u - a scroll of teleportation
 w - 5 scrolls of identify
 E - 2 scrolls of blinking
 F - a scroll of enchant armour
 G - a scroll of immolation {unknown}
Potions
 e - 3 potions of curing
 f - 3 potions of flight
 g - 4 potions of ambrosia
 h - 2 potions of brilliance
 j - a potion of heal wounds {unknown}
 m - 4 potions of might
 s - a potion of lignification {unknown}
 t - 2 potions of mutation {unknown}
 v - 3 potions of haste
 x - a potion of cancellation {unknown}
 z - a potion of degeneration {unknown}
 O - a potion of magic {unknown}
 Q - a potion of agility {unknown}
Books
 c - a book of Minor Magic

   Spells                             Type                      Level
   a - Magic Dart                     Conjuration                  1
   b - Blink                          Translocation                2
   c - Call Imp                       Summoning                    2
   d - Repel Missiles                 Charms/Air                   2
   e - Slow                           Hexes                        2
   f - Conjure Flame                  Conjuration/Fire             3
   g - Mephitic Cloud                 Conjuration/Poison/Air       3
Comestibles
 d - 6 bread rations
 n - a beef jerky
 L - 2 royal jellies
 N - a meat ration
 S - 4 fruits


   Skills:
 + Level 6.2 Dodging
 - Level 2.4 Stealth
 + Level 7.6 Spellcasting
 - Level 14.1 Conjurations
 - Level 1.1 Summonings
 - Level 3.0 Translocations


You had 11 spell levels left.
You knew the following spells:

 Your Spells              Type           Power        Failure   Level  Hunger
a - Magic Dart            Conj           ####         0%          1    None
b - Blink                 Tloc           N/A          2%          2    None
c - Conjure Flame         Conj/Fire      #####...     1%          3    None
d - Mephitic Cloud        Conj/Pois/Air  #####...     2%          3    None
e - Call Imp              Summ           ###.....     6%          2    None
f - Repel Missiles        Chrm/Air       ##....       12%         2    None


Dungeon Overview and Level Annotations

Branches:
Dungeon (10/15)            Temple (0/1) D:6            Lair (1/8) D:8
    Orc (0/2) D:10

Altars:
Ashenzari
Dithmenos
Elyvilon
Kikubaaqudgha
Makhleb
Okawaru
Sif Muna
Trog
Vehumet
Xom
Zin
The Shining One

Shops:
D:4 :   D:6 (   D:7 =

Annotations:
D:3 Senshi's ghost, amateur DsMo
D:4 yottam's ghost, novice HuWn
D:7 Joseph


Message History

You are feeling hungry.
The spiny frog stings you but does no damage.
Casting: Magic Dart
Confirm with . or Enter, or press ? or * to list all spells.
Aiming: Magic Dart
Press: ? - help, Shift-Dir - straight line, f/p - spiny frog
Aim: a spiny frog (heavily wounded)
The magic dart hits the spiny frog.
The spiny frog is severely wounded.
The spiny frog stings you!
* * * LOW HITPOINT WARNING * * *
Casting: Magic Dart
Confirm with . or Enter, or press ? or * to list all spells.
Aiming: Magic Dart
Press: ? - help, Shift-Dir - straight line, f/p - spiny frog
Aim: a spiny frog (severely wounded)
The magic dart hits the spiny frog.
The spiny frog is severely wounded.
The spiny frog misses you. The spiny frog stings you!!
You die...

#§P# #§## ### #.## ... ##§.# ..#
### ###.F+### #.# ##.. #.......#
#.# ... #.......# #.# #..
##.......######## ##.## #..
##........+..F@..####.(.# #..
###.+......<§##.#....##..######..
#...#.......########........##P..
..###.......# #...#.####...'..
.## #.......# #..#### #####.. ##
#.......# #..## ### ###+#####
##..# # #.### #..## # #...# ##.#
####


You could see a spiny frog.

Vanquished Creatures
  The ghost of yottam the Martial Artist, a journeyman HuWn of Makhleb (D:10)
  Maurice (D:8)
  Psyche (D:8)
  A yak (D:10)
  2 hippogriffs
  3 vampire mosquitoes (D:9)
  Menkaure (D:5)
  A water moccasin (Lair:1)
  3 ice beasts
  2 black bears
  2 necrophages
  A phantom (D:3)
  A sky beast (D:7)
  3 ogres
  2 crocodiles
  A big kobold (D:7)
  Blork the orc (D:5)
  3 giant frogs
  3 killer bees
  4 scorpions
  2 crimson imps (D:7)
  A giant frog zombie (D:5)
  3 hounds
  A jelly (D:6)
  9 orc wizards
  4 orc priests
  An iguana (D:8)
  3 giant frog skeletons
  2 worker ants (D:6)
  A hound skeleton (D:7)
  9 adders
  7 gnolls
  5 river rats (Lair:1)
  2 shadow imps
  An ooze (D:2)
  An adder skeleton (D:4)
  4 worms
  5 giant geckos
  29 orcs
  10 bats
  6 giant cockroaches
  6 hobgoblins
  11 jackals
  13 kobolds
  3 quokkas
  A ball python skeleton (D:5)
  A giant gecko skeleton (D:6)
  12 giant newts
  2 goblins
  A jackal skeleton (D:7)
  A quokka skeleton (D:6)
  9 rats
  2 fungi (D:8)
205 creatures vanquished.

Vanquished Creatures (collateral kills)
  A giant gecko (D:4)
1 creature vanquished.

Vanquished Creatures (others)
  A jackal (D:7)
1 creature vanquished.

Grand Total: 207 creatures vanquished

Notes
Turn   | Place    | Note
--------------------------------------------------------------
     0 | D:1      | Hocus the Deep Elf Wizard began the quest for the Orb.
     0 | D:1      | Reached XP level 1. HP: 10/10 MP: 7/7
   399 | D:1      | Reached XP level 2. HP: 15/15 MP: 6/9
   780 | D:2      | Found a bloodstained altar of Trog.
   933 | D:2      | Reached XP level 3. HP: 19/19 MP: 2/10
  1019 | D:2      | Found a faded altar to an unknown god.
  1399 | D:2      | Found an iron altar of Okawaru.
  1405 | D:2      | Found an ancient bone altar of Kikubaaqudgha.
  1405 | D:2      | Found a white marble altar of Elyvilon.
  1418 | D:2      | Found a shadowy altar of Dithmenos.
  1421 | D:2      | Found a deep blue altar of Sif Muna.
  1520 | D:3      | Found a glowing golden altar of the Shining One.
  1521 | D:3      | Found a shimmering altar of Xom.
  1525 | D:3      | Found a burning altar of Makhleb.
  1560 | D:3      | Learned a level 2 spell: Blink
  1564 | D:3      | Learned a level 3 spell: Conjure Flame
  1568 | D:3      | Learned a level 3 spell: Mephitic Cloud
  1690 | D:3      | Found a shattered altar of Ashenzari.
  1693 | D:3      | Noticed Senshi's ghost (amateur DsMo)
  1910 | D:3      | Reached XP level 4. HP: 24/24 MP: 7/12
  2116 | D:3      | Found a glowing silver altar of Zin.
  2122 | D:3      | Found a radiant altar of Vehumet.
  2162 | D:3      | Noticed a phantom
  2261 | D:3      | Killed a phantom
  2261 | D:3      | Reached XP level 5. HP: 28/28 MP: 0/13
  2458 | D:3      | Reached skill level 5 in Conjurations
  2660 | D:4      | Noticed yottam's ghost (novice HuWn)
  2870 | D:4      | Reached skill level 6 in Conjurations
  2870 | D:4      | Reached XP level 6. HP: 32/32 MP: 4/14
  3041 | D:4      | Learned a level 2 spell: Call Imp
  3093 | D:3      | Became a worshipper of Vehumet
  3196 | D:4      | Found Nanuz's Book Boutique.
  3212 | D:5      | Entered Level 5 of the Dungeon
  3363 | D:5      | Noticed Menkaure
  3408 | D:5      | Killed Menkaure
  3560 | D:5      | Reached skill level 7 in Conjurations
  4013 | D:4      | Reached XP level 7. HP: 36/36 MP: 7/15
  4708 | D:5      | Reached skill level 8 in Conjurations
  4816 | D:5      | Noticed Blork the orc
  4827 | D:5      | Killed Blork the orc
  5247 | D:6      | Reached skill level 9 in Conjurations
  5377 | D:5      | Reached * piety under Vehumet
  5377 | D:5      | Offered knowledge of Shock by Vehumet.
  5709 | D:6      | Found Itisop's Weapon Shop.
  5841 | D:6      | Reached XP level 8. HP: 41/41 MP: 7/16
  5903 | D:6      | Reached skill level 10 in Conjurations
  5979 | D:6      | Found a staircase to the Ecumenical Temple.
  6859 | D:6      | Reached skill level 11 in Conjurations
  7534 | D:7      | Offered knowledge of Sandblast by Vehumet.
  7537 | D:7      | Reached ** piety under Vehumet
  7776 | D:7      | Found Awaonyp's Jewellery Emporium.
  7814 | D:7      | Reached skill level 12 in Conjurations
  8100 | D:8      | Noticed Psyche
  8109 | D:8      | Killed Psyche
  8109 | D:8      | Reached XP level 9. HP: 35/45 MP: 6/17
  8240 | D:8      | Noticed Joseph
  8864 | D:10     | Entered Level 10 of the Dungeon
  8984 | D:10     | Noticed yottam's ghost (journeyman HuWn)
  9010 | D:10     | Reached skill level 13 in Conjurations
  9021 | D:10     | Killed yottam's ghost
  9267 | D:10     | Reached skill level 14 in Conjurations
  9395 | D:10     | Reached skill level 5 in Spellcasting
 10109 | D:9      | Reached XP level 10. HP: 7/50 MP: 0/20
 10809 | D:8      | Reached skill level 5 in Dodging
 10929 | D:8      | Learned a level 2 spell: Repel Missiles
 11014 | D:8      | Noticed Maurice
 11033 | D:8      | Killed Maurice
 11144 | D:8      | Got a polished war axe {freeze}
 11145 | D:8      | Identified the +4 war axe "Muidwyh" {freeze, rF++} (You took it off Maurice on level 8 of the Dungeon)
 11166 | D:8      | Found a staircase to the Lair.
 11243 | Lair:1   | Entered Level 1 of the Lair of Beasts
 11284 | Lair:1   | Offered knowledge of Searing Ray by Vehumet.
 11723 | Lair:1   | Mangled by a spiny frog

Vault maps used:
D:1:      lightli_arrival_quake, minivault_14
D:2:      old_standard_altar, minmay_overflow_temple_star_hex,
          ecumenical_altar_2, minmay_lizard_king
D:3:      nicolae_overflow_hidden_temple, ashenzari_conservatory_becter,
          dk_noncrumbling_4
D:4:      serial_shops, nicolae_shop_trees, st_stairs_7
D:5:      first_bread, minmay_misc_feat_rows, uniq_menkaure, uniq_blork_the_orc
D:6:      black_bear_nest_2, minmay_temple_entry_butterflies, serial_shops,
          nicolae_shop_waterfront, portal_sewer_entry_f, st_stairs_12
D:7:      serial_shops, shop
D:8:      dpeg_oklobed_lair, uniq_psyche, uniq_maurice, uniq_joseph
D:9:      hangedman_screamer
D:10:     erik_orc_1
Lair:1:   lemuel_fruit_fields

Action                   |  1- 3 |  4- 6 |  7- 9 | 10-12 || total
-------------------------+-------+-------+-------+-------++-------
Melee: Unarmed           |       |       |     5 |       ||     5
       Glaive            |       |       |       |    22 ||    22
 Cast: Magic Dart        |   101 |   130 |   452 |   128 ||   811
       Conjure Flame     |     2 |     2 |    10 |     3 ||    17
       Mephitic Cloud    |       |     2 |    35 |    10 ||    47
       Call Imp          |       |    10 |     2 |       ||    12
       Blink             |       |     1 |    20 |     7 ||    28
Evoke: Wand              |       |     3 |    12 |     1 ||    16
  Use: Scroll            |       |       |    10 |    12 ||    22
       Potion            |       |       |     4 |       ||     4
  Eat: Chunk             |     3 |     5 |    10 |     1 ||    19
       Beef jerky        |       |     1 |     1 |       ||     2
       Meat ration       |       |       |     2 |       ||     2
       Fruit             |       |       |     2 |       ||     2
